 Dungeon Crawl Stone Soup version 0.20.1-1-g8b1a95d (webtiles) character file.

30 Kingsmith the Magician (level 3, -2/19 HPs)
             Began as a Deep Elf Wizard on Dec 8, 2017.
             Slain by Natasha (5 damage)
             ... on level 2 of the Dungeon.
             The game lasted 00:02:13 (1037 turns).

Kingsmith the Magician (Deep Elf Wizard)            Turns: 1037, Time: 00:02:14

Health: -2/19      AC:  2    Str:  5    XL:     3   Next: 3%
Magic:  5/10       EV: 13    Int: 22    God:
Gold:   117        SH:  0    Dex: 13    Spells: 3/10 levels left

rFire    . . .     SeeInvis .   h - +0 quarterstaff
rCold    . . .     Gourm    .   (shield currently unavailable)
rNeg     . . .     Faith    .   a - +0 robe
rPois    .         Spirit   .   b - +0 hat
rElec    .         Reflect  .   (no cloak)
rCorr    .         Harm     .   (no gloves)
MR       .....                  (no boots)
Stlth    ++........             (no amulet)
Regen    0.1/turn               (no ring)
MPRegen  0.2/turn               (no ring)

@: no status effects
A: no striking features
a: no special abilities


You were on level 2 of the Dungeon.
You were not hungry.

You visited 1 branch of the dungeon, and saw 2 of its levels.

You collected 117 gold pieces.

Inventory:

Hand Weapons
 h - a +0 quarterstaff (weapon)
Armour
 a - a +0 robe (worn)
 b - a +0 hat (worn)
Scrolls
 e - 3 scrolls of identify {unknown}
 i - a scroll of enchant armour {unknown}
 j - 2 scrolls of teleportation {unknown}
Potions
 f - a potion of resistance
 g - 2 potions of magic {unknown}
 l - 2 potions of might {unknown}
 m - a potion of curing {unknown}
 o - a potion of mutation {unknown}
Books
 c - a book of Minor Magic

   Spells                             Type                      Level
   a - Magic Dart                     Conjuration                  1
   b - Blink                          Translocation                2
   c - Call Imp                       Summoning                    2
   d - Slow                           Hexes                        2
   e - Conjure Flame                  Conjuration/Fire             3
   f - Mephitic Cloud                 Conjuration/Poison/Air       3
 k - a book of Misfortune

   Spells                             Type                      Level
   a - Confusing Touch                Hexes                        1
   b - Confuse                        Hexes                        3
   c - Gell's Gravitas                Translocation                3
   d - Petrify                        Transmutation/Earth          4
   e - Metabolic Englaciation         Hexes/Ice                    5
   f - Yara's Violent Unravelling     Hexes/Transmutation          5
Comestibles
 d - a bread ration
 n - a chunk of flesh


   Skills:
 - Level 2.4 Dodging
 - Level 2.5 Stealth
 - Level 4.4 Spellcasting
 + Level 2.8 Conjurations
 + Level 0.3 Hexes
 + Level 1.3 Summonings
 + Level 1.4 Translocations


You had 3 spell levels left.
You knew the following spells:

 Your Spells              Type           Power        Failure   Level  Hunger
a - Magic Dart            Conj           ###.         3%          1    None
b - Blink                 Tloc           N/A          9%          2    #......
c - Call Imp              Summ           ##......     10%         2    #......
d - Slow                  Hex            #.......     14%         2    #......


Dungeon Overview and Level Annotations

Branches:
Dungeon (2/15)

Altars:

Annotations:
D:1 Come with clouds/blink
D:2 Natasha


Message History

Your crimson imp barely misses the iron imp.
Natasha barely misses you.
Your crimson imp hits the iron imp but does no damage.
Casting: Call Imp
Confirm with . or Enter, or press ? or * to list all spells.
Aiming: Magic Dart
Press: ? - help, Shift-Dir - straight line, f - Natasha
Aim: Natasha (unusually resistant)
The magic dart hits Natasha.
The iron imp disappears in a puff of smoke!
Your crimson imp blinks!
Natasha barely misses you.
Your crimson imp blinks!
Casting: Magic Dart
Confirm with . or Enter, or press ? or * to list all spells.
Aiming: Magic Dart
Press: ? - help, Shift-Dir - straight line, f/p - Natasha
Aim: Natasha (unusually resistant)
The magic dart hits Natasha.
Natasha claws you.
You die...

### ..# #.# #.# #.#
########## #.#
#........#
##.#########.)......#
#>5h@......'........#
#
#ยง5#########........#
#.##..# #........#
#.....# ###'######
..?.......# #..#
########!## ##.# #.#
#.## #.# #..# #.#
#######.####


You could see an iron imp, Natasha and a friendly crimson imp.

Vanquished Creatures
  An adder (D:2)
  An ooze (D:1)
  A dart slug (D:1)
  A giant cockroach (D:1)
  3 goblins (D:1)
  A hobgoblin (D:1)
  2 frilled lizards
  3 kobolds
  2 rats
15 creatures vanquished.

Vanquished Creatures (others)
  A rat (D:1)
1 creature vanquished.

Grand Total: 16 creatures vanquished

Notes
Turn   | Place    | Note
-------+----------+-------------------------------------------
     0 | D:1      | Kingsmith the Deep Elf Wizard began the quest for the Orb.
     0 | D:1      | Reached XP level 1. HP: 10/10 MP: 7/7
   191 | D:1      | Reached XP level 2. HP: 2/15 MP: 1/9
   691 | D:1      | Learned a level 2 spell: Blink
   694 | D:1      | Learned a level 2 spell: Call Imp
   697 | D:1      | Learned a level 2 spell: Slow
   939 | D:2      | Reached XP level 3. HP: 19/19 MP: 3/10
  1025 | D:2      | Noticed Natasha
  1037 | D:2      | Slain by Natasha

Skill      XL: |  1 |
---------------+----+-----
Conjurations   | 2 |  2.8
Dodging        | |  2.4
Stealth        | |  2.5
Spellcasting   | |  4.4
Hexes          | |  0.3
Summonings     | |  1.3
Translocations | |  1.4

Action                   || total
-------------------------++-------
Melee: Club              ||     2
       Quarterstaff      ||     3
 Cast: Magic Dart        ||    41
       Call Imp          ||     2
Armor: Robe              ||     2
Dodge: Dodged            ||    14
